 Dungeon Crawl Stone Soup version 0.31-a0-459-gc8a9bf3d51 (webtiles) character file.

Game seed: 2892571428384969127

181 Ethylacetat the Insei (level 5, -2/28 HPs)
             Began as a Vine Stalker Monk on Aug 4, 2023.
             Was a Follower of Uskayaw.
             Slain by a killer bee (5 damage)
             ... on level 3 of the Dungeon.
             The game lasted 00:03:40 (2464 turns).

Ethylacetat the Insei (Vine Stalker Monk)           Turns: 2464, Time: 00:03:41

Health: -2/28      AC:  5    Str: 20    XL:     5   Next: 61%
Magic:  0/9        EV: 12    Int: 10    God:    Uskayaw [*.....]
Gold:   87         SH:  0    Dex: 18    Spells: 8/8 levels left

rFire   . . .        e - +1 dagger (speed)
rCold   . . .        c - orb {light}
rNeg    . . .        i - +0 ring mail
rPois   .            (no helmet)
rElec   .            (no cloak)
rCorr   .            (no gloves)
SInv    .            (no boots)
Will    .....        (no amulet)
Stlth   +            f - +6 ring of strength
HPRegen 1.04/turn    (no ring)
MPRegen 0.11/turn

%: guardian spirit
@: lethally poisoned (-2 -> -9), glowing
A: fangs 2, regeneration 1, magic shield, antimagic bite, no potion heal 2
a: Renounce Religion, Stomp


You were on level 3 of the Dungeon.
You worshipped Uskayaw.
Uskayaw was noncommittal.
You visited 1 branch of the dungeon, and saw 4 of its levels.

You collected 87 gold pieces.

Inventory:

Hand Weapons
 e - a +1 dagger of speed (weapon)
Armour
 c - an orb of light (worn)
 i - a +0 ring mail (worn)
Jewellery
 f - a +6 ring of strength (left hand)
 p - a ring of fire
Wands
 m - a wand of flame (13)
Scrolls
 a - a scroll of revelation {unknown}
 g - 4 scrolls of teleportation {unknown}
 h - 2 scrolls of identify {unknown}
 j - a scroll of immolation {unknown}
 o - a scroll of blinking {unknown}
Potions
 b - a potion of ambrosia
 d - a potion of haste {unknown}
 k - 2 potions of might {unknown}
 l - a potion of cancellation {unknown}
 n - a potion of mutation {unknown}


   Skills:
 + Level 3.5 Fighting
 * Level 2.6 Short Blades
 - Level 2.4 Dodging
 - Level 3.5 Unarmed Combat
 + Level 2.3 Spellcasting
 * Level 0.0 Invocations


You had 8 spell levels left.
You didn't know any spells.
Your spell library was empty.

Dungeon Overview and Level Annotations

Branches:
Dungeon (4/15)
 Temple: D:4-7

Altars:
Uskayaw


Innate Abilities, Weirdness & Mutations

You have extremely sharp teeth.
Your natural rate of healing is unusually fast.
When hurt, damage is shared between your health and your magic reserves.
Your bite disrupts and absorbs the magic of your enemies.
Potions cannot restore your health.


Message History

The killer bee closely misses you. The killer bee stings you.
The killer bee stings you! The killer bee stings you. x2
You are poisoned.
The killer bee poisons you! The killer bee barely misses you. x2
You climb upwards.
You feel very sick.
There is a stone staircase leading down here.
Okay, then.
You hit the killer bee. You bite the killer bee. You drain its power.
You feel invigorated.
The killer bee is heavily wounded.
The killer bee stings you.
You are more poisoned.
The killer bee poisons you! The killer bee misses you.
The killer bee closely misses you.
You miss the killer bee. You bite the killer bee. You drain its power.
You feel invigorated.
The killer bee is severely wounded.
You feel sick. The killer bee misses you. The killer bee closely misses you.
The killer bee stings you.
* * * LOW HITPOINT WARNING * * *
Unknown command.
You hit the killer bee but do no damage.
The killer bee is severely wounded.
You feel sick. The killer bee barely misses you.
The killer bee closely misses you. The killer bee misses you.
Unknown command.
You miss the killer bee. Your bite misses the killer bee.
The killer bee is severely wounded.
You feel sick. The killer bee stings you.
* * * LOW HITPOINT WARNING * * *
The killer bee stings you.
* * * LOW HITPOINT WARNING * * *
You are lethally poisoned!
The killer bee poisons you! The killer bee stings you.
You hit the killer bee. Your bite misses the killer bee.
The killer bee is severely wounded.
* * * LOW HITPOINT WARNING * * *
You feel sick. The killer bee stings you!
You die...

#....................##
###.###.........##.#..#
#.............##..#.#
#####.........###.#..
#.........# #....
###..###.## ###..
##.###..## ##. #####
#..###..## #. #.y@#
##.# ##..# #. #.yy# #.#
##.# #. #...# #.# #.##
#. #...####.#####..###.
#.................#.
#....###.#####......
#...(###.########.##
#...................
#.....#..#####.....#


You could see 3 killer bees.

Vanquished Creatures
  A scorpion (D:3)
  Ijyb (D:3)
  2 adders (D:2)
  3 worms
  3 dart slugs
  4 orcs (D:3)
  2 ball pythons
  4 endoplasms
  A giant cockroach (D:1)
  8 goblins
  4 hobgoblins
  3 jackals (D:1)
  4 quokkas
  2 bats
  10 frilled lizards
  7 kobolds
  6 rats
65 creatures vanquished.

Notes
Turn   | Place    | Note
-------+----------+-------------------------------------------
     0 | D:1      | Ethylacetat the Vine Stalker Monk began the quest for the
                  | Orb.
     0 | D:1      | Reached XP level 1. HP: 11/11 MP: 2/2
   131 | D:1      | Reached XP level 2. HP: 13/16 MP: 3/3
   227 | D:1      | Reached skill level 1 in Spellcasting
   318 | D:1      | Reached XP level 3. HP: 20/20 MP: 5/5
   919 | D:2      | Reached skill level 1 in Short Blades
  1064 | D:2      | Gained mutation: Your natural rate of healing is unusually
                  | fast. [Vine Stalker growth]
  1064 | D:2      | Reached XP level 4. HP: 16/24 MP: 5/7
  1682 | D:3      | Noticed Ijyb
  1702 | D:3      | HP: 1/24 [Ijyb/puff of flame (2)]
  1706 | D:3      | Killed Ijyb
  1802 | D:3      | Noticed a scorpion
  1812 | D:3      | Killed a scorpion
  1813 | D:3      | Reached XP level 5. HP: 27/28 MP: 7/9
  2391 | D:3      | Found a hide-covered altar of Uskayaw.
  2430 | D:3      | Became a worshipper of Uskayaw the Reveller
  2430 | D:3      | Reached * piety under Uskayaw
  2464 | D:3      | Slain by a killer bee

Illustrated notes

Levels and vault maps discovered:
D:1:      lemuel_arrival_muddy, layout_basic, serial_park_tiny_pond,
          minmay_lizard_king
D:2:      layout_basic
D:3:      layout_rooms, lemuel_tele_altar, serial_bayou_pond_c,
          hangedman_decor_peaks_small, uniq_ijyb
D:4:      layout_basic, nicolae_ossuary_entry_false_entrances, nicolae_wormholes

Skill      XL: |  1  2  3  4 |
---------------+-------------+-----
Spellcasting   | 1 2 |  2.3
Fighting       | 3 |  3.5
Short Blades   | 1 2 |  2.6
Dodging        | |  2.4
Unarmed Combat | |  3.5

Action                     |  1- 3 |  4- 6 || total
---------------------------+-------+-------++-------
  Melee: Unarmed           |    43 |       ||    43
         Bite              |    34 |    38 ||    72
         Dagger            |    58 |   102 ||   160
 Armour: Robe              |    17 |       ||    17
         Ring mail         |     2 |    18 ||    20
  Dodge: Dodged            |    38 |    50 ||    88

Table legend: (Time is in decaauts)
 A = Elapsed time spent in this place.
 B = Non-inter-level travel time spent in this place.
 C = Inter-level travel time spent in this place.
 D = Time resting spent in this place.
 E = Time spent auto-exploring this place.
 F = Levels seen in this place.
 G = Mean time per level.
                   A        B        C        D        E       F      G
               +--------+--------+--------+--------+--------+-----+--------+
         Total |   2407 |   2314 |     93 |      0 |   1947 |   4 |  601.8 |
       Dungeon |   2407 |   2314 |     93 |      0 |   1947 |   4 |  601.8 |
               +--------+--------+--------+--------+--------+-----+--------+

Top non-repeatable levels by time:
     D:1: 868 daAuts
     D:2: 785 daAuts
     D:3: 751 daAuts
     D:4: 1 daAuts
